 Dungeon Crawl Stone Soup version 0.29.1-2-gbd0b4ee654 (webtiles) character file.

Game seed: 15449054189554471

21 Avanven the Cudgeller (level 2, -1/26 HPs)
             Began as a Minotaur Monk on Nov 5, 2022.
             Was a Believer of Okawaru.
             Slain by an adder (4 damage)
             ... on level 2 of the Dungeon.
             The game lasted 00:01:05 (1087 turns).

Avanven the Cudgeller (Minotaur Monk)               Turns: 1087, Time: 00:01:05

Health: -1/26      AC:  2    Str: 15    XL:     2   Next: 65%
Magic:  1/1        EV: 12    Int:  7    God:    Okawaru [**....]
Gold:   39         SH:  0    Dex: 12    Spells: 1/1 levels left

rFire   . . .      SeeInvis .   a - +0 mace
rCold   . . .      Faith    .   (no shield)
rNeg    . . .      Spirit   .   b - +0 robe
rPois   .          Reflect  .   (helmet restricted)
rElec   .          Harm     .   (no cloak)
rCorr   .          Rampage  .   (no gloves)
Will    .....                   (no boots)
Stlth   ++........              (no amulet)
HPRegen 0.08/turn               (no ring)
MPRegen 0.07/turn               (no ring)

@: lethally poisoned (-1 -> -3)
A: horns 2, retaliatory headbutt
a: Renounce Religion, Heroism


You were on level 2 of the Dungeon.
You worshipped Okawaru.
Okawaru was pleased with you.
You visited 1 branch of the dungeon, and saw 2 of its levels.

You collected 39 gold pieces.

Inventory:

Hand Weapons
 a - a +0 mace (weapon)
Armour
 b - a +0 robe (worn)
Scrolls
 e - a scroll of vulnerability {unknown}
 f - 2 scrolls of teleportation {unknown}
 i - a scroll of brand weapon {unknown}
Potions
 c - a potion of ambrosia
 d - a potion of degeneration {unknown}
 g - a potion of flight {unknown}
 h - a potion of haste {unknown}
 j - a potion of mutation {unknown}


   Skills:
 - Level 3.6 Fighting
 * Level 4.9 Maces & Flails
 - Level 3.2 Dodging
 - Level 1.5 Stealth


You had one spell level left.
You didn't know any spells.
Your spell library contained the following spells:

 Spells                   Type           Power      Damage    Failure   Level
 Dazzling Flash           Conj/Hex       0%         N/A       80%         3
 Inner Flame              Hex/Fire       0%         N/A       80%         3
 Cause Fear               Hex            0%         N/A       99%         4
 Iskenderun's Mystic Bla  Conj/Tloc      0%         2d3       99%         4
 Starburst                Conj/Fire      0%         6d3       100%        6
 Discord                  Hex            0%         N/A       100%        8


Dungeon Overview and Level Annotations

Branches:
Dungeon (2/15)

Altars:
Okawaru


Innate Abilities, Weirdness & Mutations

You have a pair of horns on your head.
You reflexively headbutt those who attack you in melee.


Message History

j - an amethyst potion
Things that are here:
a +0 club; a +0 sling; a goblin corpse An adder comes into view.
Found 6 stones.
An adder is nearby!
An adder is nearby!
A hobgoblin comes into view.
You see here 6 stones.
Found a purple potion and 11 gold pieces.
The adder hisses angrily.
The hobgoblin shouts!
You see here 6 stones.
The adder bites you.
You are poisoned.
The adder poisons you! The adder bites you but does no damage.
You barely miss the adder. Your headbutt misses the adder.
You feel sick. The adder barely misses you.
You miss the adder. Your headbutt misses the adder.
You feel sick. The adder bites you. x2
You are more poisoned.
The adder poisons you!
You closely miss the adder.
You feel very sick. The adder closely misses you.
You are too injured to fight recklessly!
You miss the adder.
You feel sick. The adder barely misses you. The adder bites you.
You closely miss the adder. Your headbutt misses the adder.
You feel sick. The adder bites you.
You completely miss the adder.
You feel sick. The adder misses you. The adder barely misses you.
You sock the adder!
The adder is severely wounded.
You feel sick. The adder misses you.
You closely miss the adder.
The adder is severely wounded.
You feel sick. The adder bites you.
* * * LOW HITPOINT WARNING * * *
The adder bites you.
You die...

#$# ..# #.# #
#!# #.#.#
.####.#.#
........#####
#....gS@.#
.....######.#
..# #.# #.#
#.# #.# #.# #
#.# #.# # #.
#.# #.#
..#.###.# #.#


You could see an adder and a hobgoblin.

Vanquished Creatures
  4 endoplasms (D:1)
  2 giant cockroaches
  2 goblins
  4 hobgoblins
  2 ball pythons (D:1)
  A bat (D:1)
  A kobold (D:1)
  3 rats (D:1)
19 creatures vanquished.

Notes
Turn   | Place    | Note
-------+----------+-------------------------------------------
     0 | D:1      | Avanven the Minotaur Monk began the quest for the Orb.
     0 | D:1      | Reached XP level 1. HP: 19/19 MP: 0/0
   328 | D:1      | Reached skill level 4 in Maces & Flails
   436 | D:1      | Reached XP level 2. HP: 20/26 MP: 1/1
   983 | D:2      | Found an iron altar of Okawaru.
   987 | D:2      | Became a worshipper of Warmaster Okawaru
   987 | D:2      | Reached * piety under Okawaru
   987 | D:2      | Reached ** piety under Okawaru
  1087 | D:2      | Slain by an adder

Illustrated notes

Levels and vault maps discovered:
D:1:      sevenhm_arrival_forest_fort_large_2, layout_basic
D:2:      minmay_skewed_foursquare, layout_basic,
          dreamdust_ecumenical_altar_angels_and_demons, basic_altar,
          uniq_crazy_yiuf_cottage

Skill      XL: |  1 |
---------------+----+-----
Maces & Flails | 4 |  4.9
Fighting       | |  3.6
Dodging        | |  3.2
Stealth        | |  1.5

Action                   || total
-------------------------++-------
Melee: Mace              ||    45
       Headbutt          ||     5
 Stab: Sleeping          ||     3
Armor: Robe              ||     6
Dodge: Dodged            ||    34
